 Dungeon Crawl Stone Soup version 0.24-a0-350-g5b3daab8ba (webtiles) character file.

Game seed: 6745559735757206273

340 TheOvate the Sneak (level 6, 0/51 HPs)
             Began as a Kobold Enchanter on May 23, 2019.
             Succumbed to Ijyb's poison
             ... on level 4 of the Dungeon.
             The game lasted 00:18:59 (6631 turns).

TheOvate the Sneak (Kobold Enchanter)               Turns: 6631, Time: 00:18:59

Health: 0/51       AC: 23    Str:  8    XL:     6   Next: 87%
Magic:  9/9        EV:  3    Int: 21    God:
Gold:   173        SH:  0    Dex: 20    Spells: 0/9 levels left

rFire    . . .     SeeInvis .   a - +1 dagger
rCold    . . .     Gourm    .   (shield restricted)
rNeg     + + +     Faith    .   (armour currently unavailable)
rPois    +         Spirit   .   (helmet currently unavailable)
rElec    .         Reflect  .   (cloak currently unavailable)
rCorr    .         Harm     .   (gloves currently unavailable)
MR       .....     NoTele   +   (boots currently unavailable)
Stlth    ++........             (no amulet)
HPRegen  0.17/turn              m - +5 ring of intelligence
MPRegen  0.11/turn              (no ring)

@: confused, agile, lethally poisoned (0 -> -28), tree-form (expiring)
A: small, carnivore
a: no special abilities


You were on level 4 of the Dungeon.
You were very full.
You were a tree.
You visited 1 branch of the dungeon, and saw 4 of its levels.

You collected 173 gold pieces.

Inventory:

Hand Weapons
 a - a +1 dagger (weapon)
Armour
 l - a +0 leather armour (melded)
Jewellery
 m - a +5 ring of intelligence (left branch)
 n - an uncursed ring of fire
Wands
 q - a wand of flame (18)
Scrolls
 c - 4 scrolls of teleportation {unknown}
 f - a scroll of amnesia {unknown}
 h - 3 scrolls of identify {unknown}
 j - a scroll of remove curse {unknown}
 o - a scroll of random uselessness {unknown}
 p - a scroll of fear {unknown}
 r - a scroll of enchant armour {unknown}
 s - a scroll of blinking {unknown}
Potions
 g - a potion of magic
Comestibles
 b - 4 chunks of flesh
 d - 6 rations


   Skills:
 - Level 1.0 Fighting
 - Level 5.1 Short Blades
 - Level 0.6 Armour
 + Level 2.5 Dodging
 + Level 5.5 Stealth
 - Level 2.1 Spellcasting
 + Level 4.8 Hexes
 - Level 0.5 Ice Magic


You couldn't memorise any spells.
You knew the following spells:

 Your Spells              Type           Power        Failure   Level  Hunger
a - Corona                Hex            ###....      1%          1    #......
b - Ensorcelled Hibernat  Hex/Ice        ##....       7%          2    ##.....
c - Confuse               Hex            ###.....     6%          3    ###....
d - Tukima's Dance        Hex            ###.....     6%          3    ###....

Your spell library contained the following spells:

 Spells                   Type           Power        Failure   Level  Hunger
 Dazzling Spray           Conj/Hex       ##....       16%         3    ###....


Dungeon Overview and Level Annotations

Branches:
Dungeon (4/15)
 Temple: D:4-7

Altars:
Makhleb
Wu Jian
Zin

Shops:
D:2 *

Annotations:
D:2 1 runed translucent door, Crazy Yiuf
D:4 Ijyb


Innate Abilities, Weirdness & Mutations

You are small and have problems with some larger weapons.
You are carnivorous and can eat meat at any time.


Message History

* * * LOW HITPOINT WARNING * * *
You feel sick. Ijyb hits you but does no damage.
* * * LOW HITPOINT WARNING * * *
You feel sick. Ijyb barely misses you.
* * * LOW HITPOINT WARNING * * *
You feel sick. Ijyb hits you but does no damage.
* * * LOW HITPOINT WARNING * * *
You feel sick. Ijyb hits you but does no damage.
* * * LOW HITPOINT WARNING * * *
You feel sick. Ijyb hits you but does no damage.
* * * LOW HITPOINT WARNING * * *
You feel sick. Ijyb hits you but does no damage.
* * * LOW HITPOINT WARNING * * *
You feel sick. Ijyb hits you but does no damage.
You are more poisoned.
* * * LOW HITPOINT WARNING * * *
You feel sick. Ijyb hits you but does no damage.
You are more poisoned.
Your transformation is almost over.
You die...

####+##..##...####.####(####'#...
......#..##...####)####.##...# .
......#.......#...(......#...#
......#.......#..........#...# ..
......#.......#..........#...#...
......#.......#.........(#...'...
......'.......#..........'.O.#...
......###########'############...
................♣g....... ..
......................... ..
......................... .
......................... .
.........................
......###'##########.=...
###'###............ #####
>.................. #...#
................... +...#


You could see Ijyb.

Vanquished Creatures
  A wight (D:3)
  A crimson imp (D:2)
  An orc wizard (D:4)
  A worker ant (D:4)
  4 gnolls (D:2)
  5 adders
  An ooze (D:3)
  5 worms
  2 dart slugs
  4 leopard geckos
  9 orcs
  3 bats
  4 giant cockroaches
  8 goblins
  13 hobgoblins
  8 jackals
  7 kobolds
  A quokka (D:2)
  6 frilled lizards
  10 rats
94 creatures vanquished.

Vanquished Creatures (others)
  A dancing weapon (D:4)
1 creature vanquished.

Grand Total: 95 creatures vanquished

Notes
Turn   | Place    | Note
-------+----------+-------------------------------------------
     0 | D:1      | TheOvate the Kobold Enchanter began the quest for the Orb.
     0 | D:1      | Reached XP level 1. HP: 10/10 MP: 3/3
    67 | D:1      | Reached XP level 2. HP: 13/15 MP: 5/5
   101 | D:1      | Learned a level 2 spell: Ensorcelled Hibernation
  1127 | D:1      | Reached XP level 3. HP: 19/20 MP: 6/6
  1771 | D:2      | Found a runed translucent door.
  1772 | D:2      | Noticed Crazy Yiuf
  1823 | D:2      | Reached skill level 1 in Fighting
  2062 | D:2      | Reached XP level 4. HP: 25/25 MP: 7/7
  2076 | D:2      | Learned a level 3 spell: Confuse
  2482 | D:2      | Found Zin's Purification Station.
  2484 | D:2      | Found a glowing silver altar of Zin.
  3196 | D:2      | Reached skill level 5 in Short Blades
  3196 | D:2      | Reached XP level 5. HP: 29/29 MP: 5/8
  3782 | D:2      | Found a burning altar of Makhleb.
  4153 | D:2      | Found an ornate altar of the Wu Jian Council.
  5117 | D:3      | Reached XP level 6. HP: 34/34 MP: 3/9
  5595 | D:3      | Reached skill level 5 in Stealth
  6315 | D:4      | Learned a level 3 spell: Tukima's Dance
  6581 | D:4      | Noticed an ogre
  6595 | D:4      | Noticed Ijyb
  6630 | D:4      | HP: 2/51 [poisoned by Ijyb]
  6631 | D:4      | Succumbed to Ijyb's poison

Levels and vault maps discovered:
D:1:      psy_arrival_radial02, layout_basic, minmay_misc_feat_enclosed
D:2:      layout_basic, zin_purify, marbit_many_paths, makhleb_grotto_becter,
          serial_forest, infiniplex_forest_clump_C, infiniplex_forest_lined_3,
          infiniplex_forest_lined_room_, infiniplex_forest_lined_3,
          infiniplex_forest_lined_room_2, uniq_crazy_yiuf_cottage
D:3:      layout_basic, first_ration, minmay_divided_ellipse
D:4:      layout_gridville, uniq_ijyb

Skill      XL: |  1  2  3  4  5  6 |
---------------+-------------------+-----
Short Blades   | 2 4 5 |  5.1
Fighting       | 1 |  1.0
Hexes          | 4 |  4.8
Stealth        | 5 |  5.5
Armour         | |  0.6
Dodging        | |  2.5
Spellcasting   | |  2.1
Ice Magic      | |  0.5

Action                   |  1- 3 |  4- 6 || total
-------------------------+-------+-------++-------
Melee: Dagger            |    83 |   334 ||   417
 Cast: Ensorcelled Hiber |     9 |    35 ||    44
       Corona            |     1 |    14 ||    15
       Confuse           |       |     8 ||     8
       Tukima's Dance    |       |     2 ||     2
  Use: Potion            |       |     7 ||     7
 Stab: Sleeping          |    11 |    28 ||    39
       Confused          |       |     4 ||     4
  Eat: Chunk             |    12 |    18 ||    30
Armor: Robe              |     2 |     8 ||    10
       Leather armour    |       |    34 ||    34
       Skin              |       |    18 ||    18
Dodge: Dodged            |    49 |   182 ||   231

Table legend:
 A = Non-vault XP
 B = Vault XP
 C = Vault XP percentage of total XP
 D = Non-vault monster count
 E = Vault monster count
 F = Vault count percentage of total count
                 A         B        C        D         E       F
            +---------+---------+-------+---------+---------+-------
      Total |     347 |     140 |  28.7 |      80 |      14 |  14.9
            +---------+---------+-------+---------+---------+-------
        D:1 |      36 |       0 |   0.0 |      20 |       0 |   0.0
        D:2 |     150 |      52 |  25.7 |      28 |       2 |   6.7
        D:3 |      55 |      88 |  61.5 |      22 |      12 |  35.3
        D:4 |     106 |       0 |   0.0 |      10 |       0 |   0.0
            +---------+---------+-------+---------+---------+-------
